 Dungeon Crawl Stone Soup version 0.25-a0-843-g6944ee31a2 (webtiles) character file.

Game seed: 6989398181991947221, levelgen mode: deterministic

37 Error4North the Shield-Bearer (level 3, -5/33 HPs)
             Began as a Hill Orc Fighter on Apr 25, 2020.
             Killed from afar by Sigmund (9 damage)
             ... with a puff of flame
             ... on level 2 of the Dungeon.
             The game lasted 00:03:16 (1351 turns).

Error4North the Shield-Bearer (Hill Orc Fighter)    Turns: 1351, Time: 00:03:16

Health: -5/33      AC: 11    Str: 19    XL:     3   Next: 41%
Magic:  3/3        EV:  3    Int:  8    God:
Gold:   175        SH:  9    Dex: 10    Spells: 2/2 levels left

rFire    . . .     SeeInvis .   a - +0 war axe
rCold    . . .     Gourm    .   c - +0 kite shield
rNeg     . . .     Faith    .   j - +0 plate armour
rPois    .         Spirit   .   (no helmet)
rElec    .         Reflect  .   (no cloak)
rCorr    .         Harm     .   (no gloves)
MR       .....                  (no boots)
Stlth    ..........             (no amulet)
HPRegen  0.11/turn              (no ring)
MPRegen  0.08/turn              (no ring)

@: mighty, brilliant, flying
A: no striking features
a: no special abilities


You were on level 2 of the Dungeon.
You were hungry.

You visited 1 branch of the dungeon, and saw 2 of its levels.

You collected 175 gold pieces.

Inventory:

Hand Weapons
 a - a +0 war axe (weapon)
Armour
 c - a +0 kite shield (worn)
 j - a +0 plate armour (worn)
Jewellery
 m - a +5 ring of protection {unknown}
Wands
 q - a wand of paralysis (10)
Scrolls
 b - a scroll of fog {unknown}
 d - a scroll of magic mapping {unknown}
 e - 2 scrolls of enchant weapon {unknown}
 g - a scroll of noise {unknown}
 i - a scroll of fear {unknown}
 l - 4 scrolls of identify {unknown}
 n - a scroll of remove curse {unknown}
 o - a scroll of immolation {unknown}
 r - a scroll of enchant armour {unknown}
Potions
 k - a potion of flight
Comestibles
 f - 2 rations
 h - a chunk of flesh


   Skills:
 * Level 3.8 Fighting
 + Level 3.1 Axes
 * Level 3.9 Armour
 * Level 4.0 Shields


You had 2 spell levels left.
You didn't know any spells.
Your spell library was empty.

Dungeon Overview and Level Annotations

Branches:
Dungeon (2/15)

Altars:
Sif Muna

Annotations:
D:2 Sigmund


Message History

Some of the chunks of flesh in your inventory have rotted away.
Found a stone staircase leading up.
You see here a scroll labeled DADEAC REGYESA.
d - a scroll labeled DADEAC REGYESA
Found a dagger.
There is a stone staircase leading down here.
Found 6 gold pieces.
A puff of flame appears from out of thin air!
The puff of flame hits you!
You see here 6 gold pieces.
You now have 175 gold pieces (gained 6).
A puff of flame appears from out of thin air!
The puff of flame hits you but does no damage.
A magic dart appears from out of thin air!
The magic dart hits you!
* * * LOW HITPOINT WARNING * * *
Found a robe.
A puff of flame appears from out of thin air!
The puff of flame hits you!
You die...

########
#....[.#
##.###@# ...##.#
#..##.# #..##.#
.#####..##.##
............#
#.#.####....####
#.#.#.##...)#
#.#.........#


There were no monsters in sight!

Vanquished Creatures
  A worm (D:2)
  2 dart slugs (D:1)
  A leopard gecko (D:1)
  2 giant cockroaches (D:1)
  3 goblins
  5 hobgoblins
  2 kobolds
  3 bats
  3 frilled lizards
  6 rats
28 creatures vanquished.

Vanquished Creatures (others)
  3 toadstools (D:1)
3 creatures vanquished.

Grand Total: 31 creatures vanquished

Notes
Turn   | Place    | Note
-------+----------+-------------------------------------------
     0 | D:1      | Error4North the Hill Orc Fighter began the quest for the
                  | Orb.
     0 | D:1      | Reached XP level 1. HP: 19/19 MP: 1/1
    53 | D:1      | Reached XP level 2. HP: 22/27 MP: 2/2
   782 | D:1      | Reached XP level 3. HP: 33/33 MP: 3/3
  1093 | D:2      | Reached skill level 4 in Shields
  1278 | D:2      | Found a shimmering blue altar of Sif Muna.
  1315 | D:2      | Noticed Sigmund
  1351 | D:2      | Killed from afar by Sigmund

Levels and vault maps discovered:
D:1:      psy_arrival_fountain, layout_loops_ring, minmay_crystal_room,
          minmay_gold_behind_fungi
D:2:      layout_basic, lemuel_blue_sif_altar, uniq_sigmund

Skill      XL: |  1  2  3 |
---------------+----------+-----
Axes           | 3 |  3.1
Shields        | 4 |  4.0
Fighting       | |  3.8
Armour         | |  3.9

Action                   || total
-------------------------++-------
Melee: War axe           ||   100
  Use: Potion            ||     3
  Eat: Chunk             ||     1
Armor: Scale mail        ||     5
       Plate armour      ||    65
Dodge: Dodged            ||    25
Block: Kite shield       ||    47

Table legend:
 A = Non-vault XP
 B = Vault XP
 C = Vault XP percentage of total XP
 D = Non-vault monster count
 E = Vault monster count
 F = Vault count percentage of total count
                 A         B        C        D         E       F
            +---------+---------+-------+---------+---------+-------
      Total |      54 |       0 |   0.0 |      28 |       0 |   0.0
            +---------+---------+-------+---------+---------+-------
        D:1 |      38 |       0 |   0.0 |      20 |       0 |   0.0
        D:2 |      16 |       0 |   0.0 |       8 |       0 |   0.0
            +---------+---------+-------+---------+---------+-------
